 Dungeon Crawl Stone Soup version 0.29-a0-541-gaf1fc19f1b (webtiles) character file.

Game seed: 15477175196978631784

259 grumblor the Covered (level 5, 0/41 HPs)
             Began as a Mummy Fighter on June 3, 2022.
             Slain by an iguana (8 damage)
             ... on level 4 of the Dungeon.
             The game lasted 00:03:58 (3082 turns).

grumblor the Covered (Mummy Fighter)                Turns: 3082, Time: 00:03:58

Health: 0/41       AC: 12    Str: 21    XL:     5   Next: 95%
Magic:  5/5        EV:  7    Int:  8    God:
Gold:   166        SH:  4    Dex: 11    Spells: 4/4 levels left

rFire   . . .      SeeInvis .   a - +0 war axe
rCold   + + .      Faith    .   c - +0 buckler
rNeg    + + +      Spirit   .   j - +3 chain mail
rPois   ∞          Reflect  .   (no helmet)
rElec   .          Harm     .   g - scarf {rC+ rF+}
rCorr   .          Rampage  .   (no gloves)
Will    .....                   (no boots)
Stlth   ..........              (no amulet)
HPRegen 0.13/turn               (no ring)
MPRegen 0.09/turn               (no ring)

@: about to teleport
A: cold resistance 1, negative energy resistance 3, torment resistance 2, heat
vulnerability 1, in touch with death 1, no potions
a: no special abilities


You were on level 4 of the Dungeon.
You visited 1 branch of the dungeon, and saw 5 of its levels.

You collected 166 gold pieces.

Inventory:

Hand Weapons
 a - a +0 war axe (weapon)
Missiles
 e - 5 boomerangs (quivered)
 i - 10 poisoned darts
Armour
 c - a +0 buckler (worn)
 g - a scarf of resistance (worn)
 j - a +3 chain mail (worn)
Jewellery
 b - an amulet of reflection
Wands
 h - a wand of charming (10)
 k - a wand of paralysis (14)
Scrolls
 d - a scroll of teleportation
 f - 2 scrolls of fog
 l - a scroll of enchant weapon


   Skills:
 * Level 3.5 Fighting
 + Level 2.8 Axes
 * Level 1.3 Throwing
 * Level 3.6 Armour
 * Level 1.4 Dodging
 + Level 2.6 Shields
 * Level 0.9 Evocations


You had 4 spell levels left.
You didn't know any spells.
Your spell library contained the following spells:

 Spells                   Type           Power      Damage    Failure   Level
 Ensorcelled Hibernation  Hex/Ice        0%         N/A       100%        2
 Conjure Flame            Conj/Fire      0%         6-21      100%        3
 Ignite Poison            Fire/Tmut/Pois 0%         N/A       100%        3
 Anguish                  Hex/Necr       0%         N/A       100%        4
 Sticky Flame             Conj/Fire      0%         2d3       100%        4
 Spider Form              Tmut/Pois      Unusable   N/A       N/A         3

Dungeon Overview and Level Annotations

Branches:
Dungeon (5/15)
 Temple: D:4-7

Altars:

Shops:
D:1 !


Innate Abilities, Weirdness & Mutations

You are immune to poison.
Your flesh is cold resistant. (rC+)
You are immune to negative energy. (rN+++)
You are immune to unholy pain and torment.
You are vulnerable to heat. (rF-)
You are in touch with the powers of death.
You do not drink.


Message History

You barely miss the orc. The orc hits you with a +0 hand axe.
The orc warrior barely misses you.
You hit the orc warrior but do no damage.
The orc warrior is moderately wounded.
You hit the orc but do no damage.
The orc warrior hits you with a +0 hand axe.
The orc hits you but does no damage. The orc hits you with a +0 hand axe.
You hit the orc warrior.
The orc warrior is heavily wounded.
You hit the orc. x2; The orc closely misses you.
The orc hits you with a +0 falchion.
You slash the orc!
You kill the orc!
You slash the orc!
You kill the orc!
You barely miss the orc. You hit the orc warrior.
The orc hits you but does no damage. The orc warrior closely misses you.
The iguana barely misses you. The orc hits you but does no damage.
The orc warrior hits you but does no damage.
The orc hits you but does no damage.
The orc throws a boomerang.
You block the boomerang. The orc attacks as you move away!
The orc closely misses you.
The orc warrior attacks as you move away!
The orc warrior hits you with a +0 hand axe!
The iguana attacks as you move away! The iguana bites you.
Found 14 stones.
Found a stone staircase leading down.
The orc attacks as you move away! The orc hits you but does no damage.
Found a scroll of enchant weapon.
The iguana closely misses you.
You see here an amulet of reflection.
b - an amulet of reflection The iguana bites you.
* * * LOW HITPOINT WARNING * * *
The orc hits you but does no damage.
The orc warrior hits you but does no damage.
As you read the scroll of teleportation, it crumbles to dust.
You feel strangely unstable. You block the iguana's attack.
The orc hits you but does no damage.
The orc warrior hits you but does no damage.
The iguana attacks as you move away! The iguana bites you!
You die...

#...............#####..
...##..................
#..# ..................
##.# ........##......#
#..##...#..))##...$.# ##
........#...........#...
......####...........(..
.<##..## #..#..l.....>..
### #..###.##.oo@.#...?
..###..........o........
....#........#..#...####
.............#..#..##..##
#)......##^###.#....#
.###.....###..........#.
...........#...##.........
...........#..##..........
...........#......<...##.


You could see an orc warrior, an iguana and 2 orcs.

Vanquished Creatures
  2 scorpions
  An iguana (D:4)
  An orc wizard (D:3)
  A white imp (D:3)
  2 worms
  2 dart slugs
  8 orcs
  7 ball pythons
  3 bats
  4 endoplasms
  6 goblins
  6 hobgoblins
  8 jackals
  A quokka (D:5)
  3 frilled lizards (D:3)
  4 kobolds
  4 rats
63 creatures vanquished.

Vanquished Creatures (others)
  7 fungi (D:4)
7 creatures vanquished.

Grand Total: 70 creatures vanquished

Notes
Turn   | Place    | Note
-------+----------+-------------------------------------------
     0 | D:1      | grumblor the Mummy Fighter began the quest for the Orb.
     0 | D:1      | Reached XP level 1. HP: 18/18 MP: 1/1
   185 | D:1      | Reached XP level 2. HP: 20/24 MP: 2/2
   609 | D:1      | Found Paoly Enn's Distillery.
  1407 | D:2      | Gained mutation: You are in touch with the powers of death.
                  | [Mummy growth]
  1407 | D:2      | Reached XP level 3. HP: 29/29 MP: 3/3
  1828 | D:3      | You fall into a shaft and drop 2 floors!
  1828 | D:5      | Entered Level 5 of the Dungeon
  1838 | D:5      | Noticed a scorpion
  1842 | D:5      | Killed a scorpion
  1843 | D:5      | Reached skill level 1 in Dodging
  1843 | D:5      | Reached XP level 4. HP: 32/35 MP: 4/4
  1990 | D:4      | Reached skill level 1 in Throwing
  2064 | D:4      | Noticed a scorpion
  2079 | D:4      | Killed a scorpion
  2080 | D:4      | Reached XP level 5. HP: 23/41 MP: 5/5
  3068 | D:4      | Noticed an orc warrior
  3082 | D:4      | Slain by an iguana

Illustrated notes

Levels and vault maps discovered:
D:1:      enne_arrival_octagon_isle, layout_basic, serial_shops,
          nicolae_diamond_shop
D:2:      layout_rooms, st_stairs_9
D:3:      layout_loops_cross
D:4:      layout_cave_pools, serial_column_ruins, column_ruins_hut,
          column_ruins_square_medium, column_ruins_open_small,
          column_ruins_grid_1, column_ruins_open_large,
          column_ruins_corridor_corner, column_ruins_grid_3,
          dreamdust_mushroom_princess
D:5:      cheibrodos_quashed, layout_basic, lemuel_zombie_altar_kikubaaqudgha,
          dreamdust_gnoll_farm

Skill      XL: |  1  2  3  4 |
---------------+-------------+-----
Axes           | 2 |  2.8
Armour         | 3 |  3.6
Dodging        | 1 |  1.4
Throwing       | 1 |  1.3
Fighting       | |  3.5
Shields        | |  2.6
Evocations     | |  0.9

Action                   |  1- 3 |  4- 6 || total
-------------------------+-------+-------++-------
Melee: War axe           |    74 |   110 ||   184
  Use: Scroll            |     8 |     2 ||    10
Armor: Scale mail        |    18 |       ||    18
       Chain mail        |    23 |    81 ||   104
Dodge: Dodged            |    32 |    56 ||    88
Block: Buckler           |    19 |    20 ||    39

Table legend: (Time is in decaauts)
 A = Elapsed time spent in this place.
 B = Non-inter-level travel time spent in this place.
 C = Inter-level travel time spent in this place.
 D = Time resting spent in this place.
 E = Time spent auto-exploring this place.
 F = Levels seen in this place.
 G = Mean time per level.
                   A        B        C        D        E       F      G
               +--------+--------+--------+--------+--------+-----+--------+
         Total |   3160 |   3068 |     92 |    144 |   2380 |   5 |  632.0 |
       Dungeon |   3160 |   3068 |     92 |    144 |   2380 |   5 |  632.0 |
               +--------+--------+--------+--------+--------+-----+--------+

Top non-repeatable levels by time:
     D:1: 993 daAuts
     D:3: 993 daAuts
     D:2: 678 daAuts
     D:4: 333 daAuts
     D:5: 160 daAuts
